 Dungeon Crawl Stone Soup version 0.28-a0-401-ge240ad9e29 (webtiles) character file.

Game seed: 13311225129187049338

717 Demosthentine the Poker (level 7, -8/82 HPs)
             Began as a Merfolk Gladiator on Sept 5, 2021.
             Mangled by an iguana (11 damage)
             ... on level 5 of the Dungeon.
             The game lasted 00:04:03 (4282 turns).

Demosthentine the Poker (Merfolk Gladiator)         Turns: 4282, Time: 00:04:04

Health: -8/82      AC:  8    Str: 16    XL:     7   Next: 70%
Magic:  7/7        EV: 15    Int:  7    God:
Gold:   140        SH:  0    Dex: 16    Spells: 6/6 levels left

rFire   . . .      SeeInvis .   a - +1 trident
rCold   . . .      Faith    .   (no shield)
rNeg    . . .      Spirit   .   v - +3 leather armour
rPois   +          Reflect  .   c - +1 helmet
rElec   .          Harm     .   (no cloak)
rCorr   .          Rampage  .   (no gloves)
Will    +....                   (no boots)
Stlth   ..........              (no amulet)
HPRegen 0.23/turn               i - ring of poison resistance
MPRegen 0.10/turn               m - ring of willpower

@: berserking, studying Air Magic, very quick
A: (nimble swimmer 2), mertail
a: no special abilities


You were on level 5 of the Dungeon.
You visited 1 branch of the dungeon, and saw 5 of its levels.

You collected 140 gold pieces.

Inventory:

Hand Weapons
 a - a +1 trident (weapon)
Missiles
 d - a throwing net (quivered)
Armour
 c - a +1 helmet (worn)
 v - a +3 leather armour (worn)
Jewellery
 i - a ring of poison resistance (left hand)
 m - a ring of willpower (right hand)
 q - an amulet of regeneration
Wands
 r - a wand of iceblast (6)
Scrolls
 f - a scroll of teleportation
 g - a scroll of enchant weapon
Potions
 j - a potion of flight
 k - a potion of mutation {unknown}
 l - a potion of curing {unknown}
 n - a potion of invisibility {unknown}
 o - 3 potions of degeneration {unknown}
 p - 2 potions of attraction {unknown}
 s - a potion of resistance {unknown}
 u - a potion of lignification {unknown}


   Skills:
 + Level 4.9 Fighting
 + Level 7.3 Polearms
 - Level 2.0 Throwing
 + Level 2.8 Armour
 + Level 6.6 Dodging


You had 6 spell levels left.
You didn't know any spells.
Your spell library contained the following spells:

 Spells                   Type           Power      Damage    Failure   Level
 Corona                   Hex            0%         N/A       50%         1
 Ensorcelled Hibernation  Hex/Ice        0%         N/A       63%         2
 Slow                     Hex            0%         N/A       63%         2
 Confusing Touch          Hex            0%         N/A       86%         3
 Ignite Poison            Fire/Tmut/Pois 0%         N/A       86%         3
 Mephitic Cloud           Conj/Pois/Air  0%         N/A       86%         3
 Tukima's Dance           Hex            0%         N/A       86%         3
 Vampiric Draining        Necr           0%         2d6       86%         3
 Freezing Cloud           Conj/Ice/Air   0%         6-21      100%        5


Dungeon Overview and Level Annotations

Branches:
Dungeon (5/15)
 Temple: D:4-7

Altars:
Cheibriados


Innate Abilities, Weirdness & Mutations

((You are quick and stealthy near water. (Stealth+, EV+, Speed+++)))
Your lower body shifts to a powerful aquatic tail in water.


Message History

You hit the black bear.
The black bear is almost dead.
The black bear bites you. The black bear misses you.
The black bear claws you but does no damage.
The iguana closely misses you.
You hit the black bear.
The black bear is almost dead.
The black bear bites you. The black bear completely misses you.
The black bear barely misses you. The iguana closely misses you.
The black bear bites you! The black bear claws you.
* * * LOW HITPOINT WARNING * * *
The black bear claws you but does no damage.
You hit the black bear.
The black bear is almost dead.
The black bear bites you.
* * * LOW HITPOINT WARNING * * *
The black bear claws you.
* * * LOW HITPOINT WARNING * * *
The black bear claws you but does no damage.
The iguana bites you!
* * * LOW HITPOINT WARNING * * *
Unknown command.
Okay, then.
A red film seems to cover your vision as you go berserk!
You feel yourself moving faster!
You feel mighty! The black bear bites you.
* * * LOW HITPOINT WARNING * * *
The black bear claws you but does no damage. x2
The iguana misses you. The black bear barely misses you.
The black bear closely misses you. The black bear claws you.
* * * LOW HITPOINT WARNING * * *
You barely miss the black bear.
The black bear is almost dead.
The black bear barely misses you. The black bear claws you.
* * * LOW HITPOINT WARNING * * *
The black bear closely misses you.
Unknown command.
You puncture the black bear!
You kill the black bear!
The iguana bites you!
You die...

#. ####.
##[...
#.....##
#.....#
#.<## #...#
#..l##
≈≈.....#@#
≈≈.....#..#
###...##..(.
$..l#
.......
.....
.........
.....
..........
....
#......?.#
#........#


You could see an iguana.

Vanquished Creatures
  A water moccasin (D:3)
  A black bear (D:5)
  A gnoll sergeant (D:4)
  A gnoll shaman (D:3)
  A hound (D:4)
  A jelly (D:4)
  2 orc priests
  5 iguanas
  2 orc wizards
  Robin (D:3)
  3 gnolls
  5 adders
  2 ufetubi
  3 dart slugs
  11 orcs
  7 ball pythons
  6 bats
  8 endoplasms
  5 giant cockroaches
  18 goblins
  15 hobgoblins
  5 quokkas
  A frilled lizard (D:1)
  11 kobolds
  7 rats
123 creatures vanquished.

Notes
Turn   | Place    | Note
-------+----------+-------------------------------------------
     0 | D:1      | Demosthentine the Merfolk Gladiator began the quest for the
                  | Orb.
     0 | D:1      | Reached XP level 1. HP: 16/16 MP: 1/1
    55 | D:1      | Reached XP level 2. HP: 21/23 MP: 2/2
   336 | D:1      | Reached XP level 3. HP: 7/28 MP: 3/3
   867 | D:1      | Reached skill level 5 in Polearms
   922 | D:1      | You fall into a shaft and drop 1 floor!
  1004 | D:2      | Found a snail-covered altar of Cheibriados.
  1031 | D:2      | Reached skill level 1 in Armour
  1112 | D:2      | Reached XP level 4. HP: 35/35 MP: 4/4
  1910 | D:3      | Reached skill level 5 in Dodging
  1910 | D:3      | Reached XP level 5. HP: 27/41 MP: 5/5
  2386 | D:3      | Reached skill level 6 in Polearms
  2758 | D:4      | Noticed Robin
  2788 | D:3      | Reached XP level 6. HP: 35/48 MP: 6/6
  2790 | D:4      | Noticed a water moccasin
  2815 | D:3      | Killed a water moccasin
  3021 | D:3      | Killed Robin
  3252 | D:4      | Reached XP level 7. HP: 14/55 MP: 7/7
  3782 | D:4      | Reached skill level 7 in Polearms
  4262 | D:5      | Entered Level 5 of the Dungeon
  4280 | D:5      | HP: 3/82 [black bear (2)]
  4282 | D:5      | Mangled by an iguana

Illustrated notes

Levels and vault maps discovered:
D:1:      shiori_arrival_oz, layout_rooms
D:2:      layout_rooms, basic_altar
D:3:      layout_rooms
D:4:      layout_rooms, minmay_manual_mess, uniq_robin
D:5:      layout_cave_pools, portal_sewer_entry_f, kennysheep_nub, st_stairs_13,
          hangedman_glass_teeth, kennysheep_small_square

Skill      XL: |  1  2  3  4  5  6  7 |
---------------+----------------------+-----
Polearms       | 5 6 7 |  7.3
Armour         | 1 2 |  2.8
Fighting       | 3 4 |  4.9
Dodging        | 5 6 |  6.6
Throwing       | |  2.0

Action                   |  1- 3 |  4- 6 |  7- 9 || total
-------------------------+-------+-------+-------++-------
Melee: Trident           |   108 |   238 |   101 ||   447
Throw: Throwing net      |       |     1 |     1 ||     2
  Use: Scroll            |     3 |     4 |     4 ||    11
       Potion            |       |     1 |     2 ||     3
 Stab: Sleeping          |     3 |     2 |     2 ||     7
Armor: Leather armour    |    17 |    86 |    26 ||   129
Dodge: Dodged            |    60 |   182 |    63 ||   305

Table legend: (Time is in decaauts)
 A = Elapsed time spent in this place.
 B = Non-inter-level travel time spent in this place.
 C = Inter-level travel time spent in this place.
 D = Time resting spent in this place.
 E = Time spent auto-exploring this place.
 F = Levels seen in this place.
 G = Mean time per level.
                   A        B        C        D        E       F      G
               +--------+--------+--------+--------+--------+-----+--------+
         Total |   4291 |   4217 |     74 |    437 |   2925 |   5 |  858.2 |
       Dungeon |   4291 |   4217 |     74 |    437 |   2925 |   5 |  858.2 |
               +--------+--------+--------+--------+--------+-----+--------+

Top non-repeatable levels by time:
     D:3: 1602 daAuts
     D:1: 996 daAuts
     D:4: 942 daAuts
     D:2: 730 daAuts
     D:5: 18 daAuts
